 Dungeon Crawl Stone Soup version 0.22.1-1-ga44c0e56f4 (webtiles) character file.

679 Knicklaso the Cutter (level 7, -3/46 HPs)
             Began as a Halfling Warper on Sept 29, 2018.
             Slain by a sky beast (6 damage)
             ... on level 4 of the Dungeon.
             The game lasted 00:18:35 (7363 turns).

Knicklaso the Cutter (Halfling Warper)              Turns: 7363, Time: 00:18:35

Health: -3/46      AC:  4    Str: 12    XL:     7   Next: 92%
Magic:  11/11      EV: 16    Int: 11    God:
Gold:   186        SH:  0    Dex: 16    Spells: 8/12 levels left

rFire    . . .     SeeInvis .   a - +0 short sword
rCold    . . .     Gourm    .   (shield restricted)
rNeg     . . .     Faith    .   b - +0 leather armour
rPois    .         Spirit   .   (no helmet)
rElec    .         Reflect  .   (no cloak)
rCorr    .         Harm     .   n - +0 pair of gloves (curse)
MR       .....                  (no boots)
Stlth    +.........             (no amulet)
HPRegen  0.15/turn              (no ring)
MPRegen  0.12/turn              (no ring)

@: no status effects
A: small, mutation resistance 1
a: no special abilities


You were on level 4 of the Dungeon.
You were not hungry.

You visited 1 branch of the dungeon, and saw 4 of its levels.

You collected 186 gold pieces.

Inventory:

Hand Weapons
 a - a +0 short sword (weapon)
 r - a +0 blowgun
Missiles
 c - 66 sling bullets
 k - 35 poisoned needles
Armour
 b - a +0 leather armour (worn)
 n - a cursed +0 pair of gloves (worn)
 w - a +3 chain mail
Jewellery
 d - a cursed ring of attention {unknown}
Scrolls
 g - 8 scrolls of identify {unknown}
 i - a scroll of amnesia {unknown}
 j - 2 scrolls of remove curse {unknown}
 l - 2 scrolls of teleportation {unknown}
 s - a scroll of fear {unknown}
 u - a scroll of random uselessness {unknown}
Potions
 h - 4 potions of curing
 m - a potion of brilliance {unknown}
 o - a potion of berserk rage {unknown}
 p - a potion of heal wounds {unknown}
 q - 2 potions of haste {unknown}
 t - a potion of flight {unknown}
Comestibles
 f - 8 rations


   Skills:
 + Level 3.6 Fighting
 * Level 6.5 Short Blades
 - Level 1.0 Throwing
 - Level 1.1 Armour
 + Level 4.4 Dodging
 + Level 3.1 Spellcasting
 - Level 3.2 Translocations


You had 8 spell levels left.
You knew the following spells:

 Your Spells              Type           Power        Failure   Level  Hunger
a - Shroud of Golubria    Chrm/Tloc      #.........   26%         2    ###....
b - Blink                 Tloc           N/A          13%         2    ###....

Your spell library contained the following spells:

 Spells                   Type           Power        Failure   Level  Hunger
 Gell's Gravitas          Tloc           #.........   26%         3    ###....
 Lesser Beckoning         Tloc           #.........   26%         3    ###....
 Teleport Other           Tloc           #.......     26%         3    ###....
 Passage of Golubria      Tloc           N/A          65%         4    #####..


Dungeon Overview and Level Annotations

Branches:
Dungeon (4/15)
 Temple: D:4-7

Altars:
Ashenzari
Wu Jian


Innate Abilities, Weirdness & Mutations

You are small and have problems with some larger weapons.
You are somewhat resistant to further mutation.


Message History

You are too injured to fight recklessly!
You are too injured to fight recklessly!
You are too injured to fight recklessly!
You are too injured to fight recklessly!
You are too injured to fight recklessly!
You are too injured to fight recklessly!
You are too injured to fight recklessly!
You hit the sky beast.
The sky beast is lightly wounded.
The sky beast hits you. The sky beast shocks you.
* * * LOW HITPOINT WARNING * * *
The phantom hits you!
* * * LOW HITPOINT WARNING * * *
The phantom blinks!
Okay, then.
Okay, then.
The sky beast hits you.
* * * LOW HITPOINT WARNING * * *
The sky beast shocks you.
You die...

.###.#..................)..#
.....#.....................#
.#####.....................#
.# #.....................#
.# #.....................#
######.....................#
....##.....................#
....##......>..W.Y§........#
....# .........@..........#
....# .......##############
....# ....... ##### .......
......W ....... #######


You could see a phantom and a sky beast.

Vanquished Creatures
  Eustachio (D:4)
  2 ogres (D:4)
  Blork the orc (D:4)
  A centaur skeleton (D:4)
  2 orc priests (D:4)
  An orc wizard (D:3)
  A worker ant (D:4)
  6 adders
  2 worms
  5 leopard geckos
  11 orcs
  3 giant cockroaches
  9 goblins
  6 hobgoblins
  12 jackals
  2 quokkas
  3 ball pythons
  4 bats
  3 frilled lizards
  11 kobolds
  6 rats
92 creatures vanquished.

Notes
Turn   | Place    | Note
-------+----------+-------------------------------------------
     0 | D:1      | Knicklaso the Halfling Warper began the quest for the Orb.
     0 | D:1      | Reached XP level 1. HP: 14/14 MP: 3/3
   392 | D:1      | Reached XP level 2. HP: 15/19 MP: 4/4
   448 | D:1      | Learned a level 2 spell: Blink
   451 | D:1      | Learned a level 2 spell: Shroud of Golubria
  1070 | D:1      | Reached skill level 3 in Short Blades
  1092 | D:2      | Found an ornate altar of the Wu Jian Council.
  1392 | D:2      | Reached XP level 3. HP: 24/24 MP: 5/5
  2010 | D:2      | Found a shattered altar of Ashenzari.
  2247 | D:3      | Reached XP level 4. HP: 29/29 MP: 6/6
  3133 | D:3      | Reached skill level 4 in Short Blades
  3245 | D:3      | Reached XP level 5. HP: 11/35 MP: 8/8
  4132 | D:4      | Noticed a sky beast
  4625 | D:4      | Noticed Blork the orc
  4977 | D:4      | Noticed an ogre
  5017 | D:4      | Killed an ogre
  5017 | D:4      | Reached skill level 5 in Short Blades
  5017 | D:4      | Reached XP level 6. HP: 10/41 MP: 9/9
  6266 | D:4      | Noticed an ogre
  6267 | D:4      | Noticed Eustachio
  6317 | D:4      | Killed an ogre
  6317 | D:4      | Reached XP level 7. HP: 10/46 MP: 9/11
  6651 | D:4      | Killed Eustachio
  6651 | D:4      | Reached skill level 6 in Short Blades
  6913 | D:4      | Killed Blork the orc
  7363 | D:4      | Slain by a sky beast

Skill      XL: |  1  2  3  4  5  6  7 |
---------------+----------------------+-----
Fighting       | 2 3 |  3.6
Short Blades   | 3 4 5 6 |  6.5
Spellcasting   | 2 3 |  3.1
Dodging        | 3 4 |  4.4
Throwing       | |  1.0
Armour         | |  1.1
Translocations | |  3.2

Action                   |  1- 3 |  4- 6 |  7- 9 || total
-------------------------+-------+-------+-------++-------
Melee: Short sword       |   121 |   378 |    97 ||   596
 Fire: Blowgun           |       |     2 |    29 ||    31
Throw: Tomahawk          |       |     5 |       ||     5
       Throwing net      |       |     1 |       ||     1
  Use: Scroll            |       |     1 |       ||     1
 Stab: Sleeping          |     1 |     1 |       ||     2
       Held in net/web   |       |     1 |       ||     1
  Eat: Chunk             |     4 |    13 |       ||    17
       Ration            |       |       |     1 ||     1
Armor: Leather armour    |    27 |    60 |    47 ||   134
Dodge: Dodged            |    94 |   272 |   181 ||   547
